 Dungeon Crawl Stone Soup version 0.26-a0-683-g5206c1d7ac (webtiles) character file.

Game seed: 7821732793990117780

113448 marklar909 the Polluter (level 17, -2/152 HPs)
             Began as a Formicid Venom Mage on Oct 23, 2020.
             Was a High Priest of Sif Muna.
             Killed from afar by a swamp worm (18 damage)
             ... with a harpoon shot
             ... on level 2 of the Swamp.
             The game lasted 01:58:53 (48928 turns).

marklar909 the Polluter (Formicid Venom Mage)      Turns: 48928, Time: 01:58:54

Health: -2/152     AC: 30    Str: 14    XL:     17   Next: 18%
Magic:  26/34      EV: 18    Int: 21    God:    Sif Muna [*****.]
Gold:   2321       SH:  7    Dex: 11    Spells: 2/43 levels left

rFire    + . .     SeeInvis +     - Unarmed
rCold    + . .     Faith    .   K - +2 buckler
rNeg     + . .     Spirit   .   (armour currently unavailable)
rPois    ∞         Reflect  .   (helmet unavailable)
rElec    +         Harm     .   e - scarf {rC+ rF+}
rCorr    .         Rampage  .   (gloves currently unavailable)
MR       +....                  (boots currently unavailable)
Stlth    ++........             (no amulet)
HPRegen  0.35/turn              D - +4 ring of evasion
MPRegen  0.24/turn              k - +4 ring of protection

@: statue-form, very slow
A: permanent stasis, dig shafts and tunnels, four strong arms, antennae 3
a: Dig, Shaft Self, End Transformation, Channel Magic, Forget Spell, Divine
Exegesis, Renounce Religion


You were on level 2 of the Swamp.
You worshipped Sif Muna.
Sif Muna was extremely pleased with you.
You were a stone statue.
You visited 4 branches of the dungeon, and saw 24 of its levels.

You collected 2409 gold pieces.
You spent 88 gold pieces at shops.

Inventory:

Hand Weapons
 O - a +0 hand crossbow
Missiles
 w - 443 stones (quivered)
Armour
 e - a scarf of resistance (worn)
 g - a +2 tower shield
 u - a +0 kite shield
 x - a cursed +0 pair of gloves (melded)
 z - a +2 ring mail of magic resistance (melded)
 A - a +2 pair of boots of stealth (melded)
 K - a +2 buckler (worn)
Jewellery
 a - an uncursed ring of protection from fire
 d - an uncursed ring of ice
 k - a +4 ring of protection (right hand)
 o - a +4 ring of protection
 D - a +4 ring of evasion (left hand)
Wands
 l - a wand of iceblast (7)
 q - a wand of digging (12)
 r - a wand of paralysis (14)
 v - a wand of acid (19)
 B - a wand of flame (12)
 H - a wand of disintegration (14)
Scrolls
 b - 6 scrolls of fear
 i - 3 scrolls of fog
 p - a scroll of enchant weapon
 s - 6 scrolls of remove curse
 t - 3 scrolls of magic mapping
 y - 3 scrolls of amnesia
 G - 8 scrolls of identify
 M - a scroll of holy word {unknown}
 S - a scroll of silence
Potions
 c - 4 potions of mutation
 f - 5 potions of curing
 h - 2 potions of ambrosia
 j - 3 potions of resistance
 m - 2 potions of brilliance
 n - a potion of magic
 E - 4 potions of stabbing
 F - 4 potions of lignification
 L - a potion of cancellation
 Q - a potion of might
Miscellaneous
 C - a tin of tremorstones (3/3)
 J - a condenser vane (2/2)


   Skills:
 * Level 6.0 Fighting
 + Level 7.3 Armour
 * Level 5.4 Dodging
 + Level 4.0 Stealth
 * Level 6.2 Shields
 * Level 6.4 Unarmed Combat
 + Level 13.5 Spellcasting
 + Level 5.8 Conjurations
 + Level 7.4 Hexes
 * Level 9.8 Transmutations
 + Level 5.5 Fire Magic
 - Level 7.0 Air Magic
 * Level 12.2 Earth Magic
 - Level 15.2 Poison Magic
 + Level 4.5 Invocations
 + Level 0.3 Evocations


You had 2 spell levels left.
You knew the following spells:

 Your Spells              Type           Power        Failure   Level
a - Sting                 Tmut/Pois      ####         1%          1
b - Poisonous Vapours     Pois/Air       ######       1%          2
c - Ignite Poison         Fire/Tmut/Pois ######..     1%          3
d - Mephitic Cloud        Conj/Pois/Air  ######..     1%          3
e - Olgreb's Toxic Radia  Pois           ######..     1%          4
f - Irradiate             Conj/Tmut      #####.....   4%          5
g - Fulminant Prism       Conj/Hex       #####.....   3%          4
h - Cause Fear            Hex            #####.....   2%          4
i - Sandblast             Erth           ######       1%          1
j - Stone Arrow           Conj/Erth      ######       1%          3
k - Lee's Rapid Deconstr  Erth           ######....   1%          5
l - Statue Form           Tmut/Erth      ######...    8%          6

Your spell library contained the following spells:

 Spells                   Type           Power        Failure   Level
 Corona                   Hex            #####..      1%          1
 Foxfire                  Conj/Fire      ####         1%          1
 Shock                    Conj/Air       ####         1%          1
 Passwall                 Tmut/Erth      ######..     1%          2
 Slow                     Hex            #####...     1%          2
 Confusing Touch          Hex            #####...     1%          3
 Conjure Flame            Conj/Fire      #####...     1%          3
 Inner Flame              Hex/Fire       #####...     1%          3
 Spider Form              Tmut/Pois      ######....   1%          3
 Tukima's Dance           Hex            #####...     1%          3
 Leda's Liquefaction      Hex/Erth       ######....   1%          4
 Petrify                  Tmut/Erth      ######..     1%          4
 Alistair's Intoxication  Tmut/Pois      ######...    1%          5
 Airstrike                Air            #####.....   2%          4
 Blade Hands              Tmut           ######....   2%          5
 Portal Projectile        Hex/Tloc       ####..       3%          3
 Yara's Violent Unravell  Hex/Tmut       ######....   3%          5
 Sticky Flame             Conj/Fire      #####...     4%          4
 Bolt of Magma            Conj/Fire/Erth #####.....   4%          5
 Eringya's Noxious Bog    Tmut/Pois      ######....   4%          6
 Ice Form                 Ice/Tmut       ####....     6%          4
 Fireball                 Conj/Fire      #####.....   12%         5
 Hailstorm                Conj/Ice       ####....     14%         4
 Iron Shot                Conj/Erth      ######....   17%         6
 Summon Mana Viper        Hex/Summ       ####....     26%         5
 Starburst                Conj/Fire      #####.....   54%         6
 Dragon Form              Tmut           ######....   56%         7
 Freezing Cloud           Conj/Ice/Air   ####......   75%         6
 Summon Forest            Summ/Tloc      ##........   77%         5
 Orb of Destruction       Conj           #####.....   98%         7
 Ignition                 Fire           #####.....   100%        8
 Lehudib's Crystal Spear  Conj/Erth      ######....   100%        8
 Fire Storm               Conj/Fire      #####.....   100%        9
 Shatter                  Erth           ######....   100%        9


Dungeon Overview and Level Annotations

Branches:
Dungeon (14/15)            Temple (0/1) D:4            Lair (6/6) D:9
  Swamp (2/4) Lair:4       Spider (0/4) Lair:3        Slime (0/5) Lair:6
    Orc (2/2) D:10            Elf (0/3) Orc:2
 Vaults: D:13-14

Altars:
Ashenzari
Cheibriados
Fedhas
Gozag
Nemelex Xobeh
Sif Muna
Uskayaw
Vehumet
Xom
Zin
The Shining One
Beogh
Jiyva

Shops:
D:7 *   D:14 [   Orc:2 ([[[

Portals:
Trove: D:13 (give 7 scrolls of fear)

Annotations:
D:14 Frances
Swamp:2 1 runed translucent door, TigOlBitties's ghost, adept DEAE


Innate Abilities, Weirdness & Mutations

You cannot be hasted, slowed, berserked, paralysed or teleported.
You can dig through walls and to a lower floor.
Your four strong arms can wield two-handed weapons with a shield.
You have a pair of large antennae on your head. (SInv)


Message History

Okay, then.
The thorn hunter fires a volley of thorns at you.
The volley of thorns misses you.
Unknown command.
Casting: Mephitic Cloud (safe; 1% risk of failure)
Confirm with . or Enter, or press ? or * to list all spells.
Press: ? - help, Shift-Dir - straight line
Okay, then.
The swamp worm fires a harpoon shot at you.
The harpoon shot hits you but does no damage.
The thorn hunter fires a volley of thorns at you.
The volley of thorns hits you!!
* * * LOW HITPOINT WARNING * * *
The swamp worm fires a harpoon shot at you.
The harpoon shot hits you but does no damage.
The thorn hunter gestures.
Thorny briars emerge from the ground!
The swamp worm fires a harpoon shot at you.
The harpoon shot hits you!!
You die...

♣♣≈....≈≈≈≈≈≈≈≈≈≈≈
♣♣♣..≈≈≈≈≈≈≈.≈≈≈≈
♣♣.≈≈..≈≈≈≈.♣.≈≈≈
♣PPPP..≈....♣♣.≈≈ .≈
♣PPP♣♣≈..≈...♣≈≈≈ ≈≈≈♣
♣♣≈≈≈.♣♣♣≈.≈≈≈≈♣♣♣ ♣♣..
♣.≈≈≈.♣ ♣.≈≈≈≈. ≈♣≈)≈♣
♣≈§≈≈.♣PP ≈≈≈. ......♣♣
♣8≈≈≈≈.PP ...
≈≈.≈≈.≈P♣♣.≈≈≈≈PP.. ♣≈≈
≈≈≈≈≈DP.♣Dw≈≈≈P♣♣≈.
≈≈.§...♣≈....♣♣♣ ♣♣
♣≈.....Pf......♣
♣♣♣♣..≈≈...≈..≈♣ ♣♣≈
♣§>.≈≈≈......♣♣♣ ≈.....
........≈≈..≈≈PP♣♣..≈≈≈....
≈≈≈≈≈≈..≈...≈≈P≈...≈≈≈≈§..


You could see a thorn hunter, a swamp dragon and a swamp worm.

Vanquished Creatures
  Saint Roka (Orc:2)
  Louise (D:14)
  2 entropy weavers (Lair:4)
  A stone giant (Orc:1)
  Snorg (D:13)
  Josephine (Swamp:1)
  15 hydras
  A shambling mangrove (Swamp:2)
  A boulder beetle (D:14)
  Harold (D:14)
  9 alligators
  7 catoblepae
  A centaur warrior (D:13)
  13 death yaks
  A tengu warrior (D:13)
  4 two-headed ogres
  A queen ant (Lair:4)
  3 orc high priests (Orc:2)
  Urug (D:14)
  A spriggan (Swamp:2)
  A deep elf knight (D:14)
  A hell knight (D:13)
  An unseen horror (D:13)
  A swamp dragon (Lair:4)
  4 orc knights
  A lindwurm (Lair:6)
  3 orc sorcerers
  A deep elf mage (D:13)
  An oklob plant (Lair:3)
  An ugly thing (D:11)
  A salamander (shapeshifter) (D:10)
  2 manticores (Lair:6)
  4 elephants (Lair:5)
  A cyclops (D:11)
  Maurice (D:13)
  A black mamba (Lair:3)
  A gargoyle (D:13)
  2 centaur skeletons
  13 cane toads
  6 kobold demonologists
  3 rime drakes
  10 komodo dragons
  5 trolls
  A tengu conjurer (D:13)
  3 tyrant leeches
  A hornet (Swamp:2)
  2 polar bears
  11 dream sheep
  20 slime creatures
  33 blink frogs
  75 yaks
  A shadow (D:13)
  6 wyverns
  6 wraiths
  Grum (Lair:1)
  A vampire (D:13)
  A steam dragon (Lair:3)
  6 vampire mosquitoes
  20 soldier ants
  9 swamp worms
  3 wargs
  An acid dragon (D:10)
  15 water moccasins
  38 orc warriors
  3 ice beasts
  2 sky beasts
  8 black bears
  2 necrophages
  3 phantoms
  13 wolves
  An eye of draining (D:11)
  8 ogres
  10 centaurs
  4 big kobolds
  A spectral wyvern (D:9)
  16 bullfrogs
  2 wyvern zombies
  2 scorpions
  14 killer bees
  5 wights
  2 electric eels
  6 howler monkeys
  2 bullfrog zombies
  29 orc priests
  2 centaur zombies
  4 hounds
  34 orc wizards
  A bullfrog skeleton (D:9)
  A gnoll shaman (D:6)
  An iguana (D:10)
  23 worker ants
  A killer bee zombie (D:7)
  A hound zombie (D:5)
  A hound skeleton (D:9)
  2 worker ant zombies
  13 gnolls
  14 adders
  16 white imps
  4 ufetubi
  3 oozes
  2 adder skeletons
  3 adder zombies
  5 worms
  3 dart slugs
  9 leopard geckos
  123 orcs
  8 giant cockroaches
  8 goblins
  6 hobgoblins
  10 jackals
  32 kobolds
  A quokka (D:7)
  4 bats
  3 frilled lizards
  3 jackal zombies
  A leopard gecko zombie (D:5)
  2 quokka skeletons
  8 rats
  3 briar patches (Swamp:2)
873 creatures vanquished.

Vanquished Creatures (others)
  A howler monkey (D:12)
  2 bushes (Lair:3)
  13 fulminant prisms
  59 fungi
  119 plants
194 creatures vanquished.

Grand Total: 1067 creatures vanquished

Notes
Turn   | Place    | Note
-------+----------+-------------------------------------------
     0 | D:1      | marklar909 the Formicid Venom Mage began the quest for the
                  | Orb.
     0 | D:1      | Reached XP level 1. HP: 13/13 MP: 3/3
   264 | D:1      | Reached XP level 2. HP: 19/19 MP: 1/5
   353 | D:1      | Learned a level 2 spell: Poisonous Vapours
   814 | D:1      | Reached XP level 3. HP: 12/24 MP: 2/6
  1899 | D:2      | Reached XP level 4. HP: 30/30 MP: 1/8
  2464 | D:2      | Reached skill level 1 in Air Magic
  2580 | D:2      | Reached skill level 1 in Shields
  2839 | D:2      | Reached XP level 5. HP: 36/36 MP: 2/9
  3119 | D:2      | Found a shimmering blue altar of Sif Muna.
  3378 | D:2      | Became a worshipper of Sif Muna the Loreminder
  4198 | D:3      | Noticed a bullfrog
  4205 | D:3      | Killed a bullfrog
  4205 | D:3      | Reached skill level 5 in Poison Magic
  4205 | D:3      | Reached XP level 6. HP: 41/42 MP: 1/11
  4210 | D:3      | Learned a level 3 spell: Ignite Poison
  4214 | D:3      | Learned a level 3 spell: Mephitic Cloud
  4396 | D:3      | Found an opulent altar of Gozag.
  4396 | D:3      | Found a sparkling altar of Nemelex Xobeh.
  4398 | D:3      | Found a hide-covered altar of Uskayaw.
  4409 | D:3      | Found a shimmering altar of Xom.
  5068 | D:4      | Found a radiant altar of Vehumet.
  5243 | D:4      | Found a broken altar of Ashenzari.
  5436 | D:4      | Noticed a phantom
  5618 | D:4      | Found a staircase to the Ecumenical Temple.
  5774 | D:5      | Entered Level 5 of the Dungeon
  5931 | D:5      | Reached XP level 7. HP: 44/47 MP: 7/13
  6057 | D:5      | Reached skill level 1 in Armour
  6254 | D:5      | Reached * piety under Sif Muna
  6689 | D:5      | Reached skill level 5 in Spellcasting
  6876 | D:5      | Reached XP level 8. HP: 44/53 MP: 8/15
  7818 | D:5      | Reached skill level 6 in Poison Magic
  8953 | D:6      | Learned a level 4 spell: Olgreb's Toxic Radiance
  9481 | D:6      | Found a blossoming altar of Fedhas.
  9876 | D:7      | Reached skill level 1 in Unarmed Combat
  9876 | D:7      | Reached skill level 1 in Invocations
  9971 | D:7      | Reached ** piety under Sif Muna
 10274 | D:7      | Found a snail-covered altar of Cheibriados.
 10358 | D:7      | Reached XP level 9. HP: 58/58 MP: 1/17
 10389 | D:7      | Reached skill level 1 in Fighting
 10650 | D:7      | Reached skill level 7 in Poison Magic
 10887 | D:7      | Found Gim Adda's General Store.
 11573 | D:7      | Bought a scroll of identify for 32 gold pieces
 11573 | D:7      | Bought a scroll of magic mapping for 56 gold pieces
 12365 | D:8      | Reached XP level 10. HP: 64/70 MP: 1/20
 12365 | D:8      | Reached skill level 8 in Poison Magic
 13161 | D:8      | Noticed a kobold demonologist
 13169 | D:8      | Reached skill level 1 in Fire Magic
 13169 | D:8      | Killed a kobold demonologist
 13172 | D:8      | Noticed a kobold demonologist
 13177 | D:8      | Killed a kobold demonologist
 13529 | D:8      | Found a glowing silver altar of Zin.
 14488 | D:9      | Noticed a komodo dragon
 14494 | D:9      | Killed a komodo dragon
 14582 | D:9      | Reached skill level 1 in Conjurations
 14706 | D:9      | Reached skill level 9 in Poison Magic
 14866 | D:9      | Reached *** piety under Sif Muna
 15022 | D:9      | Found a staircase to the Lair.
 15136 | D:9      | Learned a level 2 spell: Slow
 15140 | D:9      | Learned a level 3 spell: Inner Flame
 15145 | D:9      | Learned a level 4 spell: Cause Fear
 15803 | D:10     | Entered Level 10 of the Dungeon
 15820 | D:10     | Reached skill level 1 in Hexes
 15820 | D:10     | Reached XP level 11. HP: 75/75 MP: 11/23
 16319 | D:10     | Noticed a two-headed ogre
 16325 | D:10     | Killed a two-headed ogre
 16325 | D:10     | Reached skill level 5 in Transmutations
 16446 | D:10     | Found a staircase to the Orcish Mines.
 16769 | D:10     | Found a roughly hewn altar of Beogh.
 16893 | D:10     | Noticed a two-headed ogre
 16960 | D:10     | Killed a two-headed ogre
 16960 | D:10     | Reached skill level 10 in Poison Magic
 17784 | D:11     | Reached skill level 5 in Air Magic
 18304 | D:11     | Reached **** piety under Sif Muna
 18307 | D:11     | Noticed a salamander
 18334 | D:10     | Killed a salamander
 18888 | D:11     | Noticed a cyclops
 18892 | D:11     | Killed a cyclops
 18892 | D:11     | Reached skill level 5 in Hexes
 19020 | D:11     | Reached XP level 12. HP: 80/83 MP: 15/25
 19296 | D:11     | Found a glowing golden altar of the Shining One.
 19663 | D:11     | Learned a level 1 spell: Sandblast
 20497 | D:12     | Reached skill level 10 in Spellcasting
 20780 | D:12     | Reached skill level 1 in Earth Magic
 21943 | D:12     | Learned a level 3 spell: Stone Arrow
 22651 | Lair:1   | Entered Level 1 of the Lair of Beasts
 22659 | D:9      | Reached ***** piety under Sif Muna
 22829 | Lair:1   | Noticed a four-headed hydra
 22845 | Lair:1   | Killed a four-headed hydra
 22986 | Lair:1   | Noticed a seven-headed hydra
 23009 | Lair:1   | Killed a seven-headed hydra
 23009 | Lair:1   | Reached skill level 5 in Armour
 23334 | Lair:1   | Noticed Grum
 23344 | Lair:1   | Killed Grum
 23344 | Lair:1   | Identified Sif Muna's Volume of Floating Enchantment (Sif
                  | Muna gifted it to you on level 1 of the Lair of Beasts)
 23344 | Lair:1   | Received a gift from Sif Muna
 23361 | Lair:1   | Learned a level 5 spell: Lee's Rapid Deconstruction
 23809 | Lair:1   | Noticed a seven-headed hydra
 23844 | Lair:1   | Killed a seven-headed hydra
 23844 | Lair:1   | Reached skill level 11 in Poison Magic
 25318 | Lair:2   | Reached XP level 13. HP: 80/88 MP: 19/27
 25792 | Lair:2   | Noticed a six-headed hydra
 25817 | Lair:2   | Killed a six-headed hydra
 25817 | Lair:2   | Reached skill level 5 in Earth Magic
 26921 | Lair:3   | Reached skill level 12 in Poison Magic
 27000 | Lair:3   | Noticed a seven-headed hydra
 27113 | Lair:3   | Found a hole to the Spider Nest.
 27326 | Lair:3   | Noticed a catoblepas
 27339 | Lair:3   | Killed a catoblepas
 27357 | Lair:3   | Learned a level 4 spell: Fulminant Prism
 27385 | Lair:3   | Noticed a six-headed hydra
 27665 | Lair:3   | Noticed a five-headed hydra
 27678 | Lair:3   | Killed a five-headed hydra
 27977 | Lair:3   | Killed a six-headed hydra
 28273 | Lair:3   | Killed a seven-headed hydra
 28994 | Lair:4   | Found a gate leading to a gauntlet.
 29024 | Lair:4   | HP: 2/88 [swamp worm (10)]
 29031 | Lair:3   | HP: 2/88 [poisoned by a water moccasin]
 29493 | Lair:4   | Noticed a seven-headed hydra
 29875 | Lair:4   | Reached XP level 14. HP: 81/95 MP: 11/29
 31128 | Lair:4   | Reached skill level 13 in Poison Magic
 31675 | Lair:4   | Found a staircase to the Swamp.
 31904 | Lair:4   | Noticed an entropy weaver
 31909 | Lair:4   | Noticed an entropy weaver
 31911 | Lair:4   | Killed an entropy weaver
 31918 | Lair:4   | Identified Sif Muna's Papyrus of Dislocation and Battle
                  | Magic (Sif Muna gifted it to you on level 4 of the Lair of
                  | Beasts)
 31918 | Lair:4   | Received a gift from Sif Muna
 31919 | Lair:4   | Killed an entropy weaver
 33455 | Lair:5   | Reached XP level 15. HP: 100/100 MP: 21/31
 34455 | Lair:6   | Entered Level 6 of the Lair of Beasts
 34587 | Lair:6   | Reached skill level 5 in Shields
 34787 | Lair:6   | Found a staircase to the Slime Pits.
 34788 | Lair:6   | Found a viscous altar of Jiyva.
 35178 | Lair:6   | HP: 2/101 [blink frog (10)]
 36222 | Lair:6   | Reached skill level 10 in Earth Magic
 36251 | Lair:6   | Reached skill level 5 in Conjurations
 36445 | Lair:6   | Received a gift from Sif Muna
 36456 | Lair:6   | Learned a level 6 spell: Statue Form
 36581 | Lair:6   | Reached skill level 5 in Fire Magic
 36655 | Lair:6   | Reached skill level 14 in Poison Magic
 37871 | Orc:1    | Entered Level 1 of the Orcish Mines
 38222 | Orc:2    | Entered Level 2 of the Orcish Mines
 38241 | Orc:2    | Found a staircase to the Elven Halls.
 38264 | Orc:2    | Found a roughly hewn altar of Beogh.
 38265 | Orc:2    | Found Mirougai's Armour Shoppe.
 38550 | Orc:2    | Found a roughly hewn altar of Beogh.
 39096 | Orc:1    | Identified Sif Muna's Guide on Igneous Transmigration (Sif
                  | Muna gifted it to you on level 1 of the Orcish Mines)
 39096 | Orc:1    | Received a gift from Sif Muna
 39609 | Orc:2    | Found a roughly hewn altar of Beogh.
 39697 | Orc:2    | Reached XP level 16. HP: 89/108 MP: 24/33
 39772 | Orc:2    | Found a roughly hewn altar of Beogh.
 39779 | Orc:2    | Found Amalous's Antique Armour Shop.
 39971 | Orc:2    | Found a roughly hewn altar of Beogh.
 40103 | Orc:2    | Found a roughly hewn altar of Beogh.
 40327 | Orc:2    | Noticed Saint Roka
 40337 | Orc:2    | Killed Saint Roka
 40929 | Orc:2    | Found Ipaopt's Antique Weapon Emporium.
 40930 | Orc:2    | Found a roughly hewn altar of Beogh.
 40931 | Orc:2    | Found Seimowes's Antique Armour Shoppe.
 41812 | D:13     | Reached skill level 15 in Poison Magic
 42088 | D:13     | Found a portal to a secret trove of treasure.
 42088 | D:13     | Noticed Snorg
 42104 | D:13     | Killed Snorg
 42104 | D:13     | Identified Sif Muna's Grimoire of Intoxication and
                  | Conjuration (Sif Muna gifted it to you on level 13 of the
                  | Dungeon)
 42104 | D:13     | Received a gift from Sif Muna
 42573 | D:13     | Noticed Maurice
 42579 | D:13     | Killed Maurice
 44512 | D:14     | Noticed Louise
 44674 | D:14     | Found Girghuy's Antique Armour Emporium.
 45495 | D:14     | Killed Louise
 45495 | D:14     | Reached skill level 5 in Fighting
 45495 | D:14     | Reached skill level 5 in Unarmed Combat
 45588 | D:14     | Noticed Harold
 45588 | D:14     | Noticed Urug
 45593 | D:14     | Killed Harold
 45606 | D:14     | Killed Urug
 46173 | D:14     | Noticed Frances
 46577 | Swamp:1  | Entered Level 1 of the Swamp
 47614 | Swamp:1  | Noticed Josephine
 47621 | Swamp:1  | Killed Josephine
 47636 | Swamp:1  | Reached skill level 5 in Dodging
 47773 | Swamp:1  | HP: 4/110 [tyrant leech (18)]
 47774 | Swamp:1  | You fall into a shaft and drop 1 floor!
 47782 | Swamp:2  | HP: 3/110 [swamp worm/harpoon shot (19)]
 48151 | Swamp:2  | Reached XP level 17. HP: 115/115 MP: 20/34
 48299 | Swamp:2  | Identified Sif Muna's Grimoire of Ashen Transformation (Sif
                  | Muna gifted it to you on level 2 of the Swamp)
 48299 | Swamp:2  | Received a gift from Sif Muna
 48399 | Swamp:2  | Found a runed translucent door.
 48402 | Swamp:2  | Noticed TigOlBitties's ghost (adept DEAE)
 48404 | Swamp:2  | Identified the +7 spear of Welfare {venom, +Fly}
 48404 | Swamp:2  | Identified the ring "Lesis" {rN++ AC+4 Int+3 Stlth+}
 48431 | Swamp:2  | Learned a level 5 spell: Irradiate
 48913 | Swamp:2  | Noticed a thorn hunter
 48928 | Swamp:2  | Killed from afar by a swamp worm

Illustrated notes

Levels and vault maps discovered:
D:1:      dpeg_arrival_short_road, layout_basic, st_stairs_6
D:2:      layout_loops_ring, marbit_many_paths
D:3:      layout_basic, nicolae_overflow_quartered_altars
D:4:      layout_loops_ring, lemuel_crystal_altar, ashenzari_altar_1,
          temple_green
D:5:      layout_loops_ring, minmay_misc_feat_enclosed, minivault_23
D:6:      layout_loops_ring, fedhas_altar_fruit_tree
D:7:      layout_rooms, cheibriados_altar_1, serial_shops,
          nicolae_shop_temple_entry_statues_fountains, kennysheep_pointless_box
D:8:      layout_layer_cave, nicolae_overflow_hidden_temple,
          kennysheep_windowed_goal
D:9:      layout_basic, grunt_lair_entry_orc_guard_hut, serial_glass,
          glass_columns_a, glass_columns_b, minmay_strange_pillars,
          minmay_strange_pillars, minmay_strange_pillars,
          hangedman_weighted_door
D:10:     layout_stronghold, minmay_orc_entry_temple_small
D:11:     layout_big_octagon, tso_metal_star
D:12:     layout_loops_cross
D:13:     layout_stronghold, serial_column_ruins, column_ruins_open_tiny,
          column_ruins_open_small, column_ruins_columns_dead_end,
          column_ruins_open_tiny_water, enter_trove_2, uniq_maurice, uniq_snorg
D:14:     layout_rooms, ximxim_vaults_locker_room, roderic_roman_lattice,
          serial_shops, nicolae_shop_overgrown_old_shop, minmay_crystal_room,
          sword_in_stone, uniq_frances
Lair:1:   layout_loops_ring, gammafunk_lair_bear_cave, lemuel_fruit_fields,
          grunt_megastairs_5, uniq_grum
Lair:2:   layout_regular_city
Lair:3:   layout_roguey, dummy_spider_entry
Lair:4:   layout_misc_corridors, minmay_swamp_entry_worms,
          gauntlet_entry_generic, chequers_serial_rivers_micro_c,
          zaba_antful_of_joy
Lair:5:   layout_loops_ring, portal_ice_cave_entry_imps,
          chequers_serial_rivers_small_b, nicolae_lair_yak_garden,
          infiniplex_staircase_pool
Lair:6:   evilmike_catoblepas_cave, layout_regular_city, slime_altar_1
Swamp:1:  layout_basic_swamp, serial_swamp_ruin, evilmike_swamp_ruin_house_2,
          evilmike_swamp_ruin_house_3, evilmike_swamp_ruin_house_1,
          uniq_josephine
Swamp:2:  layout_basic_swamp, ebering_ghost_funeral_grove,
          evilmike_swamp_ruin_rubble_1, swamp_pool3
Orc:1:    layout_diamond_mine
Orc:2:    grunt_orc_community_town_hall, layout_diamond_mine,
          grunt_orc_community_big_house_1, grunt_orc_community_big_house_2,
          grunt_orc_community_house_1, grunt_orc_community_house_3,
          grunt_orc_community_house_2, grunt_orc_community_house_1

Skill      XL: |  1  2  3  4  5  6  7  8  9 10 11 12 13 14 15 16 17 |
---------------+----------------------------------------------------+-----
Transmutations | 2 3 4 5 6 7 8 9 |  9.8
Spellcasting   | 3 4 5 7 8 9 10 11 12 13 | 13.5
Air Magic      | 1 2 3 4 5 6 7 |  7.0
Shields        | 1 2 3 4 5 6 |  6.2
Poison Magic   | 5 6 7 9 10 11 12 13 14 15 | 15.2
Armour         | 1 3 4 5 6 7 |  7.3
Dodging        | 2 3 4 5 |  5.4
Unarmed Combat | 1 2 4 5 6 |  6.4
Invocations    | 1 2 4 |  4.5
Fighting       | 3 4 5 6 |  6.0
Stealth        | 3 4 |  4.0
Fire Magic     | 2 3 4 5 |  5.5
Conjurations   | 1 2 4 5 |  5.8
Hexes          | 1 5 6 7 |  7.4
Earth Magic    | 4 7 9 10 12 | 12.2
Evocations     | |  0.3

Action                   |  1- 3 |  4- 6 |  7- 9 | 10-12 | 13-15 | 16-18 || total
-------------------------+-------+-------+-------+-------+-------+-------++-------
Melee: Unarmed           |    17 |    15 |   127 |   159 |   128 |   169 ||   615
 Cast: Sting             |    18 |    41 |    73 |    59 |   187 |    22 ||   400
       Poisonous Vapours |    25 |    75 |   128 |   164 |   131 |    96 ||   619
       Ignite Poison     |       |       |    18 |    66 |   138 |    53 ||   275
       Mephitic Cloud    |       |       |     6 |    37 |    33 |    22 ||    98
       Olgreb's Toxic Ra |       |       |     6 |    26 |    66 |    36 ||   134
       Cause Fear        |       |       |       |     2 |     1 |     4 ||     7
       Sandblast         |       |       |       |    43 |    45 |    41 ||   129
       Slow              |       |       |       |     5 |    35 |       ||    40
       Inner Flame       |       |       |       |     3 |       |       ||     3
       Fulminant Prism   |       |       |       |       |     8 |     5 ||    13
       Lee's Rapid Decon |       |       |       |       |       |    24 ||    24
       Stone Arrow       |       |       |       |       |       |    18 ||    18
       Statue Form       |       |       |       |       |       |    15 ||    15
       Irradiate         |       |       |       |       |       |     4 ||     4
 Abil: Dig               |       |       |       |       |     1 |     1 ||     2
       Shaft Self        |       |       |       |       |       |     1 ||     1
Evoke: Wand              |       |       |       |     6 |     3 |     1 ||    10
       Tin of tremorston |       |       |       |       |     1 |       ||     1
  Use: Scroll            |     1 |     8 |     9 |     6 |    13 |     1 ||    38
       Potion            |       |     1 |     1 |     1 |     1 |     3 ||     7
 Stab: Paralysed         |       |       |       |     3 |       |       ||     3
Armor: Robe              |     3 |       |       |       |       |       ||     3
       Leather armour    |     3 |       |       |       |       |       ||     3
       Ring mail         |       |    29 |    76 |   128 |   179 |    80 ||   492
       Skin              |       |       |       |       |       |   155 ||   155
Dodge: Dodged            |    26 |    35 |   127 |   165 |   407 |   383 ||  1143
Block: Buckler           |       |       |    44 |    62 |   125 |   137 ||   368

Table legend: (Time is in decaauts)
 A = Elapsed time spent in this place.
 B = Non-inter-level travel time spent in this place.
 C = Inter-level travel time spent in this place.
 D = Time resting spent in this place.
 E = Time spent auto-exploring this place.
 F = Levels seen in this place.
 G = Mean time per level.
                   A        B        C        D        E       F      G
               +--------+--------+--------+--------+--------+-----+--------+
         Total |  49305 |  46243 |   3062 |  15950 |  23597 |  24 | 2054.4 |
       Dungeon |  27924 |  25886 |   2038 |   8362 |  14158 |  14 | 1994.6 |
          Lair |  15904 |  15093 |    811 |   5876 |   6972 |   6 | 2650.7 |
         Swamp |   1774 |   1759 |     15 |    433 |    868 |   2 |  887.0 |
  Orcish Mines |   3701 |   3503 |    198 |   1279 |   1599 |   2 | 1850.5 |
               +--------+--------+--------+--------+--------+-----+--------+

Top non-repeatable levels by time:
    D:13: 4105 daAuts
  Lair:4: 3732 daAuts
  Lair:3: 3336 daAuts
    D:10: 2918 daAuts
  Lair:5: 2783 daAuts
     D:5: 2655 daAuts
  Lair:1: 2482 daAuts
     D:9: 2405 daAuts
     D:2: 2403 daAuts
    D:11: 2173 daAuts
     D:6: 2050 daAuts
  Lair:6: 2042 daAuts
   Orc:2: 2033 daAuts
     D:8: 1963 daAuts
    D:12: 1915 daAuts
